 Dungeon Crawl Stone Soup version 0.31-a0-360-gb3e1d13bf4 (webtiles) character file.

Game seed: 17667783879331119341

49 zazu2006 the Protected (level 3, -10/31 HPs)
             Began as a Gnoll Wanderer on July 27, 2023.
             Killed by nerve-wracking pain
             ... invoked by Jessica
              (13 damage)
             ... on level 2 of the Dungeon.
             The game lasted 00:02:08 (698 turns).

zazu2006 the Protected (Gnoll Wanderer)              Turns: 698, Time: 00:02:10

Health: -10/31     AC: 13    Str: 12    XL:     3   Next: 77%
Magic:  3/4        EV:  7    Int: 12    God:
Gold:   56         SH:  0    Dex: 11    Spells: 4/4 levels left

rFire   . . .        a - +0 spear
rCold   . . .        (no shield)
rNeg    . . .        b - +0 chain mail
rPois   .            (no helmet)
rElec   .            (no cloak)
rCorr   .            k - +0 pair of gloves
SInv    .            i - +0 pair of boots
Will    .....        (no amulet) Stlth
                     (no ring)
HPRegen 0.25/turn    (no ring)
MPRegen 0.09/turn

%: no passive effects
@: no status effects
A: fangs 1, strong nose, distributed training
a: no special abilities


You were on level 2 of the Dungeon.
You visited 1 branch of the dungeon, and saw 2 of its levels.

You collected 56 gold pieces.

Inventory:

Hand Weapons
 a - a +0 spear (weapon)
Missiles
 j - 2 curare-tipped darts
Armour
 b - a +0 chain mail (worn)
 i - a +0 pair of boots (worn)
 k - a +0 pair of gloves (worn)
Jewellery
 h - an amulet of reflection
Scrolls
 d - a scroll of blinking
 e - a scroll of silence {unknown}
 g - 2 scrolls of identify {unknown}
Potions
 c - 2 potions of attraction
 f - 2 potions of curing


   Skills:
 + Level 4.6 Fighting
 + Level 1.0 Short Blades
 + Level 1.0 Long Blades
 + Level 1.0 Axes
 + Level 1.0 Maces & Flails
 + Level 2.6 Polearms
 + Level 1.0 Staves
 + Level 1.0 Ranged Weapons
 + Level 1.0 Throwing
 + Level 8.5 Armour
 + Level 1.0 Dodging
 + Level 4.2 Stealth
 + Level 1.0 Shields
 + Level 1.0 Unarmed Combat
 + Level 1.0 Spellcasting
 + Level 0.7 Conjurations
 + Level 0.7 Hexes
 + Level 0.7 Summonings
 + Level 0.7 Necromancy
 + Level 0.7 Translocations
 + Level 0.7 Transmutations
 + Level 0.7 Fire Magic
 + Level 0.7 Ice Magic
 + Level 0.7 Air Magic
 + Level 0.7 Earth Magic
 + Level 0.7 Poison Magic
 + Level 1.0 Invocations
 + Level 2.6 Evocations
 + Level 0.7 Shapeshifting


You had 4 spell levels left.
You didn't know any spells.
Your spell library was empty.

Dungeon Overview and Level Annotations

Branches:
Dungeon (2/15)

Altars:

Shops:
D:1 *

Annotations:
D:2 Jessica


Innate Abilities, Weirdness & Mutations

You have very sharp teeth.
Your uncanny sense of smell can sniff out nearby items.
Your experience applies equally to all skills.


Message History

Your Maces & Flails skill increases to level 1!
Your Staves skill increases to level 1!
Your Ranged Weapons skill increases to level 1!
Your Throwing skill increases to level 1!
Your Dodging skill increases to level 1!
Your Shields skill increases to level 1!
Your Unarmed Combat skill increases to level 1!
Your Spellcasting skill increases to level 1!
Your Invocations skill increases to level 1!
Jessica gestures at you while chanting.
You barely resist. Jessica casts a spell at you.
You barely resist. Jessica hits you but does no damage.
Things that are here:
a +3 falchion of electrocution; a +0 ring mail; a curare-tipped dart You closely miss Jessica.
Jessica points at you and mumbles some strange words.
Pain shoots through your body!
You hit Jessica but do no damage. You bite Jessica.
Jessica is lightly wounded.
Jessica barely misses you.
You hit Jessica.
Jessica is heavily wounded.
Jessica hits you but does no damage.
You closely miss Jessica.
Jessica is heavily wounded.
Jessica casts a spell.
Jessica seems to speed up.
You hit Jessica but do no damage.
Jessica is heavily wounded.
Jessica barely misses you.
You closely miss Jessica.
Jessica is heavily wounded.
Jessica gestures at you while chanting. Pain shoots through your body!
* * * LOW HITPOINT WARNING * * *
Jessica gestures at you while chanting. Pain shoots through your body!
You die...

.# ... .. ..
....#..##. #.
#......... #.
#@#.#.@.#. #.
##.#.#.... #.
.......#
#.#####.#....###
#....@@....(....
#+######........
##....###.
#.......#
#.......#
#.....#.#
######.....# #
#....†.....#
#.####.....#


You could see Jessica (fast).

Vanquished Creatures
  Terence (D:2)
  A dart slug (D:1)
  2 ball pythons (D:1)
  2 endoplasms
  3 hobgoblins
  2 jackals (D:1)
  A quokka (D:1)
  A bat (D:1)
  4 frilled lizards (D:1)
  A goblin (D:1)
  3 kobolds (D:1)
  3 rats (D:1)
24 creatures vanquished.

Notes
Turn   | Place    | Note
-------+----------+-------------------------------------------
     0 | D:1      | zazu2006 the Gnoll Wanderer began the quest for the Orb.
     0 | D:1      | zazu2006 set off with the following items: a +0 spear, a +0
                  | chain mail, a potion of attraction, a scroll of blinking.
     0 | D:1      | Reached XP level 1. HP: 20/20 MP: 1/1
    23 | D:1      | Found Dezikk's Assorted Antiques.
    50 | D:1      | Reached XP level 2. HP: 23/26 MP: 2/2
   658 | D:2      | Reached XP level 3. HP: 31/31 MP: 3/3
   666 | D:2      | Noticed Terence
   667 | D:2      | Noticed Jessica
   689 | D:2      | Killed Terence
   690 | D:2      | Reached skill level 1 in Short Blades
   690 | D:2      | Reached skill level 1 in Long Blades
   690 | D:2      | Reached skill level 1 in Axes
   690 | D:2      | Reached skill level 1 in Maces & Flails
   690 | D:2      | Reached skill level 1 in Staves
   690 | D:2      | Reached skill level 1 in Ranged Weapons
   690 | D:2      | Reached skill level 1 in Throwing
   690 | D:2      | Reached skill level 1 in Dodging
   690 | D:2      | Reached skill level 1 in Shields
   690 | D:2      | Reached skill level 1 in Unarmed Combat
   690 | D:2      | Reached skill level 1 in Spellcasting
   690 | D:2      | Reached skill level 1 in Invocations
   698 | D:2      | Killed from afar by Jessica

Illustrated notes

Levels and vault maps discovered:
D:1:      spicycebolla_arrival_ecumenical, layout_basic, serial_shops, shop
D:2:      layout_basic, uniq_jessica, uniq_crazy_yiuf_cottage, uniq_terence

Skill      XL: |  1  2  3 |
---------------+----------+-----
Short Blades   | 1 |  1.0
Long Blades    | 1 |  1.0
Axes           | 1 |  1.0
Maces & Flails | 1 |  1.0
Staves         | 1 |  1.0
Ranged Weapons | 1 |  1.0
Throwing       | 1 |  1.0
Dodging        | 1 |  1.0
Shields        | 1 |  1.0
Unarmed Combat | 1 |  1.0
Spellcasting   | 1 |  1.0
Invocations    | 1 |  1.0
Fighting       | |  4.6
Polearms       | |  2.6
Armour         | |  8.5
Stealth        | |  4.2
Conjurations   | |  0.7
Hexes          | |  0.7
Summonings     | |  0.7
Necromancy     | |  0.7
Translocations | |  0.7
Transmutations | |  0.7
Fire Magic     | |  0.7
Ice Magic      | |  0.7
Air Magic      | |  0.7
Earth Magic    | |  0.7
Poison Magic   | |  0.7
Evocations     | |  2.6
Shapeshifting  | |  0.7

Action                     || total
---------------------------++-------
  Melee: Spear             ||    87
         Bite              ||     4
         Punch             ||     1
  Throw: Dart              ||     3
    Use: Potion            ||     1
 Armour: Chain mail        ||    53
  Dodge: Dodged            ||    25

Table legend: (Time is in decaauts)
 A = Elapsed time spent in this place.
 B = Non-inter-level travel time spent in this place.
 C = Inter-level travel time spent in this place.
 D = Time resting spent in this place.
 E = Time spent auto-exploring this place.
 F = Levels seen in this place.
 G = Mean time per level.
                   A        B        C        D        E       F      G
               +--------+--------+--------+--------+--------+-----+--------+
         Total |    695 |    674 |     21 |      0 |    451 |   2 |  347.5 |
       Dungeon |    695 |    674 |     21 |      0 |    451 |   2 |  347.5 |
               +--------+--------+--------+--------+--------+-----+--------+

Top non-repeatable levels by time:
     D:1: 635 daAuts
     D:2: 60 daAuts
